Map: Overgrowth LE (Void)

Players

Sylquartz

  • Race: Terran Terran
  • League: Diamond
  • Spawn Location: 7:00

Metahurtz - Winner!

  • Race: Terran Terran
  • League: Diamond
  • Spawn Location: 1:00

VOD

Have the link to the VOD?

Description

Time

  • Played on: Dec. 27, 2016, 3 p.m.
  • Length: 23:27
Show
View Real Time Build Order
Export as new Build Order

Sylquartz Terran 

Build Orders: MMM Bio 

Get SALT Encoding   

  12  0:02  SCV  
  13  0:14  SCV  
  13  0:18  Supply Depot  
  14  0:26  SCV  
  15  0:40  SCV  
  15  0:41  Barracks  
  16  0:52  SCV  
  16  0:55  Refinery  
  17  1:04  SCV  
  18  1:16  SCV  
  19  1:28  Marine, Orbital Command  
  19  1:30  Supply Depot  
  19  1:31  Barracks  
  20  1:45  Marine  
  21  1:57  SCV  
  22  2:03  Marine  
  23  2:11  Command Center  
  23  2:13  SCV  
  24  2:19  Barracks Reactor  
  24  2:21  Marine  
  25  2:26  SCV  
  26  2:32  Supply Depot  
  26  2:38  SCV  
  26  2:40  Barracks Tech Lab  
  27  2:47  Refinery  
  27  2:51  SCV  
  28  2:56  Marine  
  28  2:57  Marine  
  28  2:58  Marine  
  30  3:00  Stimpack  
  30  3:03  SCV  
  32  3:12  Bunker  
  32  3:15  SCV  
  32  3:16  Marine  
  32  3:17  Marine  
  32  3:18  Marine  
  36  3:22  Supply Depot  
  36  3:27  Orbital Command  
  36  3:35  Factory  
  36  3:39  SCV  
  37  3:49  Marine x3, Orbital Command  
  37  3:51  SCV  
  41  4:02  Engineering Bay  
  41  4:07  Marine x3, SCV  
  45  4:19  SCV  
  45  4:21  Supply Depot, SCV  
  47  4:28  Starport, Factory Reactor  
  47  4:31  SCV  
  48  4:32  Marine x3  
  48  4:36  Terran Infantry Weapons Level 1  
  48  4:38  SCV  
  52  4:43  SCV  
  52  4:45  Refinery  
  53  4:50  SCV  
  53  4:51  Marine x2  
  53  4:52  Marine  
  57  4:55  SCV  
  58  5:00  Combat Shields  
  58  5:02  SCV  
  59  5:07  SCV  
  59  5:13  Factory Tech Lab  
  60  5:15  Medivac x2  
  60  5:18  Marine x3  
  67  5:25  Barracks  
  67  5:43  Marine x3  
  70  5:55  Supply Depot  
  70  5:58  Supply Depot  
  70  5:59  Barracks  
  70  6:00  Supply Depot, Barracks  
  70  6:16  Barracks Reactor, Marine x2, Medivac x2  
  70  6:17  Marauder  
  78  6:23  Supply Depot  
  78  6:30  Terran Infantry Armor Level 1  
  78  6:46  Medivac x2  
  82  6:48  Barracks Tech Lab, Barracks Reactor  
  82  6:49  Marine x2, Marauder  
  86  6:57  Supply Depot  
  86  6:59  Supply Depot  
  85  7:07  Marine x2  
  85  7:08  Siege Tank  
  90  7:26  Marine x4, Marauder x2  
  90  7:27  Marine  
  99  7:39  Command Center  
  99  7:42  Missile Turret  
  99  7:46  Armory  
  99  7:50  Engineering Bay  
  99  7:59  Siege Tank  
  101  8:37  Siege Tank  
  105  8:55  Marauder  
  105  8:56  Marauder  
  86  9:09  Siege Tank  
  86  9:13  Orbital Command  
  86  9:17  Terran Infantry Armor Level 2, Terran Infantry Weapons Level 2  
  86  9:19  Terran Vehicle Weapons Level 1  
  86  9:25  Supply Depot  
  86  9:26  Supply Depot  
  86  9:27  Supply Depot  
  86  9:30  Supply Depot  
  85  9:42  Siege Tank  
  85  9:44  Orbital Command  
  88  9:52  Missile Turret  
  88  9:58  Factory, Barracks  
  88  10:00  Factory  
  88  10:04  SCV x2  
  89  10:15  Refinery  
  89  10:16  SCV  
  89  10:17  SCV  
  89  10:19  SCV  
  92  10:28  SCV  
  92  10:31  SCV  
  94  10:39  Marine  
  94  10:40  Marine x7  
  101  10:43  SCV  
  101  10:46  SCV x2  
  101  10:47  Barracks  
  104  10:51  Viking x2  
  104  10:53  Factory Tech Lab x2  
  104  10:54  Barracks Reactor  
  104  10:55  SCV  
  109  10:58  SCV x2  
  109  11:01  Sensor Tower  
  111  11:04  Missile Turret  
  111  11:07  SCV  
  111  11:10  SCV  
  69  11:50  Marine x5  
  69  11:51  Marine x3  
  69  11:53  Siege Tank  
  78  12:08  Marine x2  
  73  12:25  Siege Tank  
  68  12:30  Orbital Command  
  68  12:31  Marine x5  
  62  12:56  Marine x6, Marauder x2  
  62  12:58  SCV x3  
  75  13:10  SCV x3  
  78  13:17  Marauder x2  
  78  13:22  SCV x3  
  68  13:34  SCV  
  68  13:35  SCV x2  
  68  13:41  Marine x4  
  55  13:42  Marine, Marauder  
  55  13:43  Marine, Marauder  
  55  13:47  SCV  
  60  13:54  Medivac  
  60  13:55  Medivac  
  64  13:59  Marine x5  
  64  14:01  Marine  
  70  14:04  Marauder x2, Refinery  
  74  14:10  SCV  
  74  14:16  Marine  
  75  14:17  Marine x4  
  75  14:19  Siege Tank, Marine  
  75  14:22  SCV  
  85  14:25  Marauder x2  
  85  14:28  Medivac x2  
  93  14:34  Marine, SCV  
  93  14:35  Marine x4  
  93  14:36  Marine  
  93  14:38  SCV x2  
  102  14:46  Marine, SCV  
  102  14:47  Marauder  
  106  14:54  Command Center  
  104  15:12  Medivac x2  
  104  15:13  Marine x7  
  104  15:14  Marine  
  108  15:30  Marine  
  108  15:31  Marine x2  
  92  15:42  Medivac x2  
  96  15:46  Terran Infantry Weapons Level 3  
  96  15:47  Terran Infantry Armor Level 3  
  88  16:32  Medivac x2  
  62  17:07  Marauder x2  
  61  17:08  Marine  
  61  17:09  Marine x5  
  61  17:12  Planetary Fortress  
  67  17:26  Marine x2  
  67  17:27  Marine x4  
  67  17:29  Marauder x2  
  77  17:44  Marine x4  
  77  17:45  Marine x2  
  77  17:50  Marauder x2  
  90  17:51  Refinery  
  90  17:57  Command Center, Sensor Tower  
  90  18:02  Marine  
  86  18:18  Marine  
  86  18:19  Marine x6  
  83  18:20  Marine  
  64  18:36  Marine x2  
  64  18:37  Marine x4  
  64  18:39  Marine  
  64  18:43  Barracks  
  64  18:45  Barracks  
  64  18:48  Barracks  
  50  18:54  Marine  
  43  19:13  Factory  
  43  19:15  Barracks  
  43  19:16  Barracks  
  43  19:28  SCV  
  44  19:32  SCV  
  44  19:37  Barracks Reactor x3  
  45  19:40  SCV  
  45  19:44  SCV  
  45  19:45  Supply Depot  
  47  19:47  Supply Depot  
  47  19:48  Supply Depot  
  47  19:52  Supply Depot, SCV  
  47  19:54  Orbital Command  
  47  19:56  SCV  
  49  20:05  SCV  
  50  20:08  SCV  
  50  20:11  Supply Depot  
  51  20:15  Marine x5  
  51  20:16  Marine x3  
  51  20:17  SCV  
  51  20:20  SCV  
  61  20:23  Barracks Reactor  
  61  20:28  Barracks Reactor  
  61  20:33  Marine x7  
  61  20:34  Factory Reactor  
  61  20:35  Starport  
  68  20:44  SCV  
  68  20:45  Refinery  
  69  20:56  SCV  
  62  20:57  Marine x7  
  62  20:58  Marine  
  62  20:59  Marine  
  71  21:08  SCV  
  72  21:14  Marine  
  72  21:15  Marine x5  
  78  21:20  SCV  
  75  21:31  Factory Tech Lab  
  72  21:36  Medivac x2  
  76  21:50  Siege Tank  
  79  21:57  Marine x2  
  52  22:11  Marine x2  
  52  22:12  Marine x8  
  52  22:15  Marine x2  
  59  22:22  Siege Tank  
  62  22:29  Marine x3  
  64  22:30  Marine x5  
  49  22:49  Marine x5  
  49  22:50  Marine x5  
Show
View Real Time Build Order
Export as new Build Order

Metahurtz Terran - Winner!

Build Orders: Reaper Expand, MMM Bio 

Get SALT Encoding   

  12  0:00  SCV  
  13  0:13  SCV  
  14  0:17  Supply Depot  
  14  0:25  SCV  
  15  0:39  SCV  
  15  0:40  Barracks  
  16  0:45  Refinery  
  16  0:51  SCV  
  17  1:03  SCV  
  18  1:15  SCV  
  19  1:27  Orbital Command  
  19  1:29  Reaper  
  20  1:42  Command Center  
  20  1:52  Barracks  
  20  1:56  SCV  
  21  2:01  Barracks Reactor  
  21  2:10  SCV  
  21  2:12  Supply Depot  
  22  2:16  Refinery  
  22  2:22  SCV  
  23  2:28  Factory  
  23  2:34  SCV  
  24  2:38  Marine x2  
  24  2:40  Barracks Tech Lab  
  26  2:46  SCV  
  26  2:53  Orbital Command  
  26  2:57  Marine x2  
  28  2:59  Marine  
  28  3:03  SCV  
  30  3:13  Starport  
  30  3:14  Factory Tech Lab  
  30  3:21  SCV x2  
  32  3:28  Marine  
  32  3:30  Supply Depot  
  32  3:33  Siege Tank, SCV  
  37  3:36  Marine  
  37  3:37  Marine  
  39  3:42  SCV  
  39  3:45  SCV  
  39  3:46  Stimpack  
  41  3:54  SCV  
  42  3:56  Starport Reactor  
  42  3:57  SCV  
  42  4:01  Supply Depot  
  43  4:04  Marine x3  
  46  4:13  Engineering Bay  
  46  4:16  Siege Tank  
  49  4:22  Marine x3  
  52  4:24  Refinery  
  52  4:27  Refinery  
  52  4:37  Viking  
  54  4:40  Marine x3, Missile Turret  
  54  4:44  Missile Turret  
  57  4:46  SCV  
  57  4:47  SCV  
  59  4:58  Marine x3  
  62  5:03  Missile Turret  
  62  5:06  Supply Depot  
  62  5:11  SCV x2  
  64  5:17  Marine x3  
  67  5:21  Barracks  
  67  5:24  SCV x2  
  67  5:27  Barracks  
  69  5:39  Barracks  
  67  5:44  Missile Turret  
  67  5:45  Marine x3  
  67  5:48  Missile Turret  
  67  5:49  Siege Tank  
  73  5:54  Missile Turret  
  73  6:00  Missile Turret  
  73  6:03  SCV x2  
  75  6:09  Supply Depot  
  75  6:16  Engineering Bay  
  75  6:17  Medivac  
  77  6:21  Marine  
  78  6:27  Barracks Reactor  
  78  6:28  Barracks Reactor  
  78  6:29  Barracks Reactor  
  78  6:30  Combat Shields  
  78  6:31  Marine, Medivac  
  81  6:44  Supply Depot  
  81  6:45  Supply Depot  
  81  6:47  Marine x2  
  81  6:48  Marine  
  84  7:05  Marine x2  
  84  7:06  Marine  
  84  7:08  Marine x6  
  93  7:22  Marine  
  93  7:23  Marine  
  93  7:24  Marine  
  93  7:25  Marine  
  93  7:26  Marine x2  
  93  7:27  Medivac  
  101  7:33  Siege Tank, Medivac  
  101  7:35  Supply Depot  
  106  7:37  Supply Depot  
  106  7:41  SCV  
  106  7:42  SCV  
  108  7:48  Terran Infantry Weapons Level 1  
  108  7:49  Terran Infantry Armor Level 1  
  108  7:53  SCV  
  108  7:54  SCV  
  110  8:00  Marine x7  
  110  8:01  Marine  
  119  8:05  SCV  
  119  8:12  Marine  
  119  8:18  Marine x3  
  121  8:27  Command Center  
  120  8:35  Marine x5  
  120  8:36  Marine x3  
  126  8:46  Marine  
  126  8:53  Marine  
  96  9:09  Marine x4  
  84  9:10  Marine x4  
  84  9:11  Siege Tank, Marine  
  84  9:12  Medivac x2  
  84  9:15  Armory  
  84  9:16  Concussive Shells  
  98  9:24  SCV x2  
  98  9:27  Marine x4  
  103  9:36  SCV  
  103  9:39  Marine x5  
  103  9:42  Medivac x2  
  103  9:43  Siege Tank  
  103  9:45  Marine x4  
  118  9:51  Factory  
  119  9:59  Marine x5  
  124  10:03  Marine x2  
  126  10:11  Viking  
  126  10:12  Viking  
  130  10:17  Marine x4  
  130  10:18  Marine x3  
  130  10:20  Marine  
  137  10:21  Marine  
  137  10:22  Orbital Command  
  137  10:24  SCV  
  137  10:25  SCV  
  140  10:35  Marine  
  141  10:48  Supply Depot  
  141  10:51  Terran Infantry Weapons Level 2  
  141  10:53  Supply Depot  
  141  10:54  Terran Infantry Armor Level 2  
  141  11:09  Marine x9  
  147  11:14  Siege Tank, Viking  
  147  11:15  Viking  
  139  11:26  Marine  
  139  11:27  Marine x2  
  138  11:43  Marine x5  
  139  11:51  Factory Tech Lab  
  138  11:56  Starport  
  138  11:57  Marine x4  
  138  11:59  Starport  
  138  12:01  Marine x4  
  135  12:13  Marine  
  135  12:14  Marine x2  
  135  12:15  Marine x2  
  140  12:19  Marine  
  133  12:28  Marine x2  
  133  12:29  Marine  
  122  12:31  Marine  
  122  12:32  Marine x2  
  101  12:47  Marine x4  
  101  12:48  Marine x2  
  96  12:55  Starport Tech Lab  
  96  12:56  Starport Reactor  
  94  13:26  Marine x6  
  94  13:27  Marine x3  
  83  13:44  Marine x5  
  80  13:57  Marine x3  
  80  13:58  Marine  
  80  13:59  Siege Tank x2  
  80  14:00  Viking  
  80  14:01  Marine, Medivac  
  80  14:02  Marine x4  
  99  14:04  SCV x3  
  99  14:06  Refinery  
  102  14:10  Refinery  
  102  14:11  Missile Turret  
  102  14:12  Missile Turret  
  102  14:15  Marine  
  103  14:28  Marine x5  
  108  14:36  Command Center  
  108  14:41  Terran Infantry Weapons Level 3  
  108  14:52  Terran Infantry Armor Level 3  
  102  15:13  Marine x7  
  102  15:14  Marine x2  
  107  15:31  Marine x3  
  78  15:42  Siege Tank x2  
  80  15:43  Viking, Medivac x2  
  80  15:44  Marine  
  87  15:50  Planetary Fortress  
  87  16:03  Marine  
  87  16:04  Marine x7  
  82  16:17  Marine  
  67  16:21  Marine x3  
  67  16:22  Marine  
  67  16:24  Marine  
  71  16:26  Marine  
  71  16:33  Marine  
  72  16:46  SCV  
  70  17:34  Orbital Command  
  70  17:36  Orbital Command  
  70  17:59  Marine  
  67  18:22  Marine  
  56  18:49  Marine x2  
  56  18:50  Marine x5  
  62  19:12  Marine x3  
  62  19:13  Marine x5  
  62  19:14  Marine  
  71  19:24  SCV  
  71  19:27  SCV  
  73  19:36  SCV  
  74  19:39  SCV  
  75  20:14  Marine  
  75  20:15  Marine x8  
  75  20:17  Siege Tank  
  75  20:19  Command Center  
  87  20:30  Command Center  
  87  20:32  Marine x2  
  87  20:33  Marine x2  
  91  21:02  Marine x2  
  91  21:03  Marine x7  
  100  21:05  Siege Tank x2, Viking x2  
  110  21:20  Marine x3  
  110  21:21  Marine  
  107  21:29  Liberator  
  107  21:30  Liberator x2  
  104  21:38  Marine  
  104  21:39  Marine x8  
  122  21:56  Marine x3  
  122  21:57  Marine  
  98  22:18  Marine x9  
  107  22:35  Marine, Orbital Command  
  107  22:36  Marine x8  
  104  22:53  Marine x2  
  106  23:00  Marine x2, Marauder  
Tags
 
Add a new tag
Caveats
  • Supply blocks, unpowered buildings, or Contaminate may cause inaccurate times.
  • Supply counts are checked every 10 seconds.